 Dungeon Crawl Stone Soup version 0.27.1 (webtiles) character file.

Game seed: 12788241612464140788

343 ZARRMARR the Insei (level 6, -6/38 HPs)
             Began as an Octopode Transmuter on Sept 1, 2021.
             Mangled by a phantom (9 damage)
             ... on level 4 of the Dungeon.
             The game lasted 00:13:12 (5484 turns).

ZARRMARR the Insei (Octopode Transmuter)            Turns: 5484, Time: 00:13:12

Health: -6/38      AC:  1    Str:  9    XL:     6   Next: 57%
Magic:  10/10      EV: 14    Int: 17    God:
Gold:   119        SH:  0    Dex: 13    Spells: 10/11 levels left

rFire    . . .     SeeInvis .     - Unarmed
rCold    . . .     Faith    .   (no shield)
rNeg     + + .     Spirit   .   (helmet currently unavailable)
rPois    .         Reflect  .   (no amulet)
rElec    .         Harm     .   h - ring of positive energy
rCorr    +         Rampage  .   e - ring of positive energy
Will     .....                  n - ring of resist corrosion
Stlth    +++.......             (no ring)
HPRegen  0.12/turn              (no ring)
MPRegen  0.12/turn              (no ring)
                                (no ring)
                                (no ring)

@: appendages (expiring)
A: tentacle spike 3, almost no armour, amphibious, 8 rings, camouflage 1,
gelatinous body 1, (nimble swimmer 1), tentacles
a: End Transformation


You were on level 4 of the Dungeon.
One of your tentacles had grown a beastly spike.
You visited 1 branch of the dungeon, and saw 4 of its levels.

You collected 119 gold pieces.

Inventory:

Missiles
 i - 12 javelins (quivered)
 j - 13 boomerangs
Jewellery
 c - a ring of ice
 e - a ring of positive energy (right tentacle)
 h - a ring of positive energy (left tentacle)
 n - a ring of resist corrosion (on tentacle)
Scrolls
 f - a scroll of fear
 k - a scroll of summoning {unknown}
 m - a scroll of vulnerability {unknown}
Potions
 a - a potion of flight
 b - a potion of invisibility {unknown}
 d - a potion of mutation {unknown}
 g - 2 potions of berserk rage {unknown}
 l - a potion of heal wounds {unknown}


   Skills:
 + Level 1.3 Fighting
 * Level 3.5 Dodging
 + Level 3.4 Stealth
 + Level 4.1 Unarmed Combat
 + Level 3.3 Spellcasting
 + Level 3.3 Transmutations


You had 10 spell levels left.
You knew the following spells:

 Your Spells              Type           Power      Damage    Failure   Level
a - Beastly Appendage     Tmut           28%        N/A       4%          1

Your spell library contained the following spells:

 Spells                   Type           Power      Damage    Failure   Level
 Wereblood                Tmut           14%        N/A       6%          2
 Spider Form              Tmut/Pois      4%         N/A       26%         3
 Ice Form                 Ice/Tmut       8%         N/A       63%         4


Dungeon Overview and Level Annotations

Branches:
Dungeon (4/15)
 Temple: D:4-7

Altars:

Shops:
D:3 *

Annotations:
D:3 1 runed translucent door, Crazy Yiuf
D:4 Pikel


Innate Abilities, Weirdness & Mutations

One of your tentacles has grown a beastly spike.
You cannot wear most types of armour.
You are amphibious.
You can wear up to eight rings at the same time.
Your skin changes colour to match your surroundings (Stealth+).
Your rubbery body absorbs attacks. (AC +1, EV +1)
((You are camouflaged near water. (Stealth+)))
You have tentacles for arms and can constrict up to eight enemies at once.


Message History

The lemure shouts!
You hear a shout!
A lemure comes into view.
The phantom misses you.
You hear a shout!
Pikel the Slaver comes into view.
He is wielding a +1 whip of freezing and carrying a wand of charming (13).
The lemure shouts!
You tentacle-slap the phantom.
You pierce the phantom.
The phantom is heavily damaged.
The phantom hits you.
You tentacle-slap the phantom but do no damage.
The phantom is heavily damaged.
A lemure comes into view.
The phantom closely misses you.
You barely miss the phantom.
Your tentacle spike misses the phantom.
The phantom is heavily damaged.
You closely miss the phantom.
The phantom is heavily damaged.
The phantom barely misses you.
A lemure comes into view.
You miss the phantom.
The phantom is heavily damaged.
Your transformation is almost over.
The phantom hits you!
* * * LOW HITPOINT WARNING * * *
You tentacle-slap the phantom.
You pierce the phantom.
The phantom is severely damaged.
The phantom hits you.
* * * LOW HITPOINT WARNING * * *
You miss the phantom.
Your tentacle spike misses the phantom.
The phantom is severely damaged.
The phantom barely misses you.
You tentacle-slap the phantom. Your squeeze misses the phantom.
The phantom is severely damaged.
The phantom hits you.
* * * LOW HITPOINT WARNING * * *
The phantom blinks!
You blink.
As you read the scroll of fear, it crumbles to dust.
You assume a fearsome visage.
Pikel looks frightened!
The lemure is unaffected. x4
The phantom is unaffected.
The phantom hits you!
You die...

.### # ... #. ..#
.. #..# ..
.##..###.###
........... .#
#.......#####..#
+.....@.#......# #
#......W.<..<..#
##..#........####.#
+.....ยง5.....+
###..5.......#
#...........#
#.5.K5......#
#......######
#.......


You could see Pikel (fleeing), a phantom and 4 lemures.

Vanquished Creatures
  Grinder (D:3)
  An iguana (D:3)
  5 adders
  A worm (D:2)
  2 orcs (D:3)
  10 endoplasms
  7 giant cockroaches
  10 goblins
  8 hobgoblins
  7 kobolds
  5 quokkas
  5 ball pythons
  7 bats
  2 frilled lizards
  13 rats
84 creatures vanquished.

Notes
Turn   | Place    | Note
-------+----------+-------------------------------------------
     0 | D:1      | ZARRMARR the Octopode Transmuter began the quest for the
                  | Orb.
     0 | D:1      | Reached XP level 1. HP: 13/13 MP: 3/3
     6 | D:1      | Noticed a water moccasin
     6 | D:1      | Noticed an iguana
     7 | D:1      | Noticed a polar bear
     7 | D:1      | Noticed a six-headed hydra
   102 | D:1      | Reached XP level 2. HP: 18/18 MP: 5/5
   183 | D:1      | Reached skill level 1 in Stealth
   354 | D:1      | Found a faded altar of an unknown god.
   725 | D:1      | Reached XP level 3. HP: 23/23 MP: 4/6
  2387 | D:2      | Reached XP level 4. HP: 26/28 MP: 5/7
  3924 | D:3      | Reached XP level 5. HP: 27/33 MP: 6/9
  4075 | D:3      | Found Gureaqaj's General Store.
  4720 | D:3      | Noticed Grinder
  4760 | D:3      | Killed Grinder
  4761 | D:3      | Reached skill level 4 in Unarmed Combat
  4761 | D:3      | Reached XP level 6. HP: 17/38 MP: 8/10
  5019 | D:3      | Found a runed translucent door.
  5020 | D:3      | Noticed Crazy Yiuf
  5476 | D:4      | Noticed Pikel
  5484 | D:4      | Mangled by a phantom

Illustrated notes

Levels and vault maps discovered:
D:1:      onia_arrival_zoo_common, layout_rooms,
          hellmonk_ecumenical_altar_pennies_from_heaven, minmay_domino_2
D:2:      minmay_razor_zed, layout_loops_corners
D:3:      layout_basic, serial_shops, nicolae_shop_stone,
          kennysheep_generic_room_2, uniq_grinder, uniq_crazy_yiuf_cottage
D:4:      wander_river, layout_basic, mainiacjoe_overflow_alcove_4, uniq_pikel

Skill      XL: |  1  2  3  4  5 |
---------------+----------------+-----
Stealth        | 1 2 3 |  3.4
Dodging        | 3 |  3.5
Unarmed Combat | 4 |  4.1
Spellcasting   | 3 |  3.3
Transmutations | 3 |  3.3
Fighting       | |  1.3

Action                   |  1- 3 |  4- 6 || total
-------------------------+-------+-------++-------
Melee: Unarmed           |   108 |   107 ||   215
       Tentacles         |    14 |    14 ||    28
       Kick              |    21 |    29 ||    50
       Constrict         |    18 |    25 ||    43
       Punch             |     3 |     7 ||    10
 Cast: Beastly Appendage |    33 |    26 ||    59
  Use: Scroll            |     1 |     3 ||     4
 Stab: Sleeping          |    17 |     7 ||    24
Armor: Skin              |    13 |     3 ||    16
Dodge: Dodged            |    50 |    57 ||   107
